 Dungeon Crawl Stone Soup version 0.31-a0-236-g9a0961fb85 (webtiles) character file.

Game seed: 804605708560322442

220 qw the Shooter (level 5, -1/32 HPs)
             Began as a Gargoyle Hexslinger on July 10, 2023.
             Slain by an orc wizard
             ... wielding a +0 dagger
              (3 damage)
             ... on level 4 of the Dungeon.
             The game lasted 00:01:16 (2402 turns).

qw the Shooter (Gargoyle Hexslinger)                Turns: 2402, Time: 00:01:17

Health: -1/32      AC:  9    Str: 11    XL:     5   Next: 97%
Magic:  6/6        EV: 10    Int: 14    God:
Gold:   155        SH:  0    Dex: 14    Spells: 5/6 levels left

rFire   . . .        Y - +1 sling (freeze)
rCold   . . .        (no shield)
rNeg    + . .        d - +0 ring mail
rPois   inf          (no helmet)
rElec   +            (no cloak)
rCorr   .            (no gloves)
SInv    .            (no boots)
Will    .....        (no amulet)
Stlth   +            (no ring)
HPRegen 0.25/turn    (no ring)
MPRegen 0.10/turn

%: no passive effects
@: no status effects
A: sickness immunity, AC +4, negative energy resistance 1, electricity
resistance, torment resistance 1, petrification resistance
a: no special abilities


You were on level 4 of the Dungeon.
You visited 1 branch of the dungeon, and saw 4 of its levels.

You collected 235 gold pieces.
You spent 80 gold pieces at shops.


Innate Abilities, Weirdness & Mutations

You are immune to sickness and miasma.
Your stone body is resilient. (AC +4)
You are immune to poison.
You resist negative energy. (rN+)
You are resistant to electric shocks. (rElec)
You are resistant to unholy torment.
You are immune to petrification.


   Skills:
 - Level 3.0 Fighting
 + Level 5.2 Ranged Weapons
 - Level 1.0 Armour
 - Level 1.5 Dodging
 - Level 1.0 Spellcasting
 - Level 2.6 Hexes


You had 5 spell levels left.
You knew the following spells:

 Your Spells              Type           Power      Damage    Failure   Level
a - Slow                  Hex            32%        N/A       21%         1

Your spell library contained the following spells:

 Spells                   Type           Power      Damage    Failure   Level
 Inner Flame              Hex/Fire       4%         N/A       71%         3
 Portal Projectile        Hex/Tloc       8%         N/A       71%         3
 Cause Fear               Hex            4%         N/A       90%         4

Inventory:

Hand Weapons
 Y - a +1 sling of freezing (weapon)
Armour
 d - a +0 ring mail (worn)
Jewellery
 e - a ring of fire
Potions
 a - a potion of heal wounds {unknown}
 c - a potion of enlightenment {unknown}
 f - a potion of haste {unknown}
 g - a potion of mutation {unknown}
 h - a potion of degeneration {unknown}
 j - a potion of cancellation
 k - a potion of might {unknown}

Dungeon Overview and Level Annotations

Branches:
Dungeon (4/15)
 Temple: D:4-7

Altars:

Shops:
D:2 ?=*[

Annotations:
D:4 exclusion: 4 gnolls


Message History

The sling bullet completely misses the orc wizard.
The adder bites you but does no damage.
You hear some strange, mumbled words.
Something tries to affect you, but you resist.
The orc wizard hits you with a +0 dagger.
The adder barely misses you.
You shoot a sling bullet. The sling bullet hits the orc wizard.
The sling bullet freezes the orc wizard.
The orc wizard is heavily wounded.
The orc wizard hits you but does no damage.
Something completely misses you. The adder completely misses you.
The orc wizard hits you with a +0 dagger.
Something hits you.
You shoot a sling bullet. The sling bullet misses the orc wizard.
The adder closely misses you. Something hits you.
The orc wizard hits you with a +0 dagger.
The adder bites you but does no damage.
You shoot a sling bullet.
The sling bullet closely misses the orc wizard.
The adder closely misses you. Something hits you but does no damage.
The orc wizard hits you but does no damage.
The adder bites you but does no damage.
You shoot a sling bullet. The sling bullet hits the orc wizard.
The sling bullet freezes the orc wizard.
The orc wizard is severely wounded.
Something completely misses you.
The orc wizard gestures at you while chanting.
The magic dart hits you. The adder bites you but does no damage.
You shoot a sling bullet.
The sling bullet closely misses the orc wizard.
The adder barely misses you.
The orc wizard hits you but does no damage.
Something hits you but does no damage. The adder bites you.
The orc wizard hits you but does no damage.
Something hits you.
You shoot a sling bullet. The sling bullet hits the orc wizard.
The sling bullet freezes the orc wizard.
You kill the orc wizard!
The adder bites you but does no damage. Something hits you.
You die...

#.#### ##..#.####
#......#.##
#.........#### ## .
#.#.##.....#.## #.#..
#......##.....## #.....
###.#####......###....#
#.##.......)))#{...#
#.##.####...##@)...#
#.## ######)S.#.# .##.
##.## .# .# .# .# .# ..
.# .. .# ### .#


You could see an adder.

Vanquished Creatures
  An orc priest (D:4)
  A gnoll bouda (D:4)
  An orc wizard (D:4)
  5 gnolls
  3 adders
  2 worms
  6 orcs
  5 endoplasms
  3 giant cockroaches
  4 goblins (D:1)
  11 hobgoblins
  9 kobolds
  5 quokkas
  7 ball pythons
  6 bats
  4 frilled lizards (D:1)
  5 rats
78 creatures vanquished.

Notes
Turn   | Place    | Note
-------+----------+-------------------------------------------
     0 | D:1      | qw the Gargoyle Hexslinger began the quest for the Orb.
     0 | D:1      | Reached XP level 1. HP: 12/12 MP: 2/2
     0 | D:1      | 0 ||| qw: Version: 0.3-a-52-g30416fa
     0 | D:1      | 0 ||| qw: Game counter: 4592
     0 | D:1      | 0 ||| qw: Melee chars always use a shield: true
     0 | D:1      | 0 ||| qw: God list: Okawaru
     0 | D:1      | 0 ||| qw: Allow faded altars: false
     0 | D:1      | 0 ||| qw: Do Orc after clearing Dungeon:15 true
     0 | D:1      | 0 ||| qw: Do second Lair branch before Depths: true
     0 | D:1      | 0 ||| qw: Lair rune preference: random
     0 | D:1      | 0 ||| qw: Goals: Normal
     0 | D:1      | 0 ||| PLANNING D:1-11
     6 | D:1      | 6 ||| Stepping ~*~*~tactically~*~*~ (water).
    78 | D:1      | Reached XP level 2. HP: 16/16 MP: 3/3
   103 | D:1      | Reached skill level 3 in Ranged Weapons
   229 | D:1      | Reached XP level 3. HP: 21/21 MP: 4/4
   493 | D:1      | 493 ||| UPGRADING to +0 ring mail.
   503 | D:1      | 503 ||| DROPPING +0 robe.
   504 | D:1      | 504 ||| READING scroll labelled WUUSILOMIA.
   505 | D:1      | 505 ||| READING scroll labelled MOYTU NEDU.
   506 | D:1      | 506 ||| DROPPING scroll of poison.
   578 | D:2      | Found Roshrelod's Armour Shoppe.
   585 | D:2      | 585 ||| SHOPLISTING +1 pair of gloves (115 gold, have 80).
   585 | D:2      | 585 ||| SHOPLISTING +1 ring mail of Indomitability {Will+}
                  | (216 gold, have 80).
   585 | D:2      | 585 ||| SHOPLISTING +2 ring mail of poison resistance (180
                  | gold, have 80).
   585 | D:2      | 585 ||| SHOPLISTING +3 crown of Dyrovepreva {rElec Int+2
                  | SInv} (414 gold, have 80).
   628 | D:2      | Found Qehimuseol's General Store.
   668 | D:2      | 668 ||| BUYING potion of cancellation (80 gold).
   668 | D:2      | Bought a potion of cancellation for 80 gold pieces
   668 | D:2      | 668 ||| SHOPLISTING potion of heal wounds (50 gold, have
                  | 10).
   668 | D:2      | 668 ||| SHOPLISTING potion of might (40 gold, have 10).
   668 | D:2      | 668 ||| SHOPLISTING potion of mutation (80 gold, have 10).
   762 | D:2      | Found Koskoqab's Magic Scroll Shop.
   766 | D:2      | 766 ||| SHOPLISTING 3 scrolls of identify (72 gold, have
                  | 22).
   766 | D:2      | 766 ||| SHOPLISTING scroll of enchant armour (90 gold, have
                  | 22).
   766 | D:2      | 766 ||| SHOPLISTING scroll of identify (24 gold, have 22).
   799 | D:2      | 799 ||| Stepping ~*~*~tactically~*~*~ (outnumbered).
   801 | D:2      | 801 ||| Stepping ~*~*~tactically~*~*~ (outnumbered).
   812 | D:2      | Reached XP level 4. HP: 18/26 MP: 5/5
   812 | D:2      | 812 ||| FLEEEEING.
   813 | D:2      | 813 ||| FLEEEEING.
   814 | D:2      | 814 ||| FLEEEEING.
   815 | D:2      | 815 ||| FLEEEEING.
   816 | D:2      | 816 ||| FLEEEEING.
   817 | D:2      | 817 ||| FLEEEEING.
   818 | D:2      | 818 ||| FLEEEEING.
   819 | D:2      | 819 ||| FLEEEEING.
   820 | D:2      | 820 ||| FLEEEEING.
   821 | D:2      | 821 ||| FLEEEEING.
   822 | D:2      | 822 ||| FLEEEEING.
   823 | D:2      | 823 ||| FLEEEEING.
   824 | D:2      | 824 ||| FLEEEEING.
   825 | D:2      | 825 ||| FLEEEEING.
   826 | D:2      | 826 ||| FLEEEEING.
   827 | D:2      | 827 ||| FLEEEEING.
   828 | D:2      | 828 ||| FLEEEEING.
   829 | D:2      | 829 ||| FLEEEEING.
   830 | D:2      | 830 ||| FLEEEEING.
   831 | D:2      | 831 ||| FLEEEEING.
   832 | D:2      | 832 ||| FLEEEEING.
   840 | D:2      | Reached skill level 4 in Ranged Weapons
  1161 | D:2      | Found Miyturo's Jewellery Emporium.
  1167 | D:2      | 1167 ||| SHOPLISTING +6 ring of dexterity (432 gold, have
                  | 22).
  1167 | D:2      | 1167 ||| SHOPLISTING +6 ring of strength (432 gold, have
                  | 22).
  1167 | D:2      | 1167 ||| SHOPLISTING amulet of regeneration (360 gold, have
                  | 22).
  1167 | D:2      | 1167 ||| SHOPLISTING ring "Satofrun" {rF++ EV+5 Dex-2} (675
                  | gold, have 22).
  1167 | D:2      | 1167 ||| SHOPLISTING ring of fire (300 gold, have 22).
  1167 | D:2      | 1167 ||| SHOPLISTING ring of protection from cold (300
                  | gold, have 22).
  1167 | D:2      | 1167 ||| SHOPLISTING ring of resist corrosion (240 gold,
                  | have 22).
  1306 | D:2      | 1306 ||| READING 3 scrolls labelled XEZASOE SIRI.
  1311 | D:2      | 1311 ||| READING scroll labelled FUODWA YTIBUJ.
  1312 | D:2      | 1312 ||| READING scroll labelled UBAMUAM NANETI.
  1329 | D:3      | 1329 ||| STAIRDANCE
  1336 | D:2      | Reached skill level 1 in Armour
  1490 | D:3      | 1490 ||| FLEEEEING.
  1491 | D:3      | 1491 ||| FLEEEEING.
  1492 | D:3      | 1492 ||| FLEEEEING.
  1493 | D:3      | 1493 ||| FLEEEEING.
  1494 | D:3      | 1494 ||| FLEEEEING.
  1495 | D:3      | 1495 ||| FLEEEEING.
  1496 | D:3      | 1496 ||| FLEEEEING.
  1497 | D:3      | 1497 ||| FLEEEEING.
  1498 | D:3      | 1498 ||| FLEEEEING.
  1499 | D:3      | 1499 ||| FLEEEEING.
  1500 | D:3      | 1500 ||| FLEEEEING.
  1501 | D:3      | 1501 ||| FLEEEEING.
  1502 | D:3      | 1502 ||| FLEEEEING.
  1503 | D:3      | 1503 ||| FLEEEEING.
  1504 | D:3      | 1504 ||| FLEEEEING.
  1505 | D:3      | 1505 ||| FLEEEEING.
  1513 | D:3      | 1513 ||| STAIRDANCE
  1536 | D:2      | 1536 ||| READING scroll labelled QUDOFO TAIHUMI.
  1537 | D:2      | 1537 ||| READING scroll labelled ROOJITWIWOG.
  1733 | D:3      | 1733 ||| DRINKING 2 fuming cyan potions.
  1805 | D:3      | Reached XP level 5. HP: 29/30 MP: 6/6
  1877 | D:3      | 1877 ||| DROPPING potion of lignification.
  1918 | D:4      | 1918 ||| Stepping ~*~*~tactically~*~*~ (outnumbered).
  1920 | D:4      | 1920 ||| Stepping ~*~*~tactically~*~*~ (outnumbered).
  1938 | D:4      | HP: 6/30 [gnoll bouda/+0 club (6)]
  1939 | D:4      | 1939 ||| READING 2 scrolls of teleportation.
  1949 | D:4      | 1949 ||| READING scroll of teleportation.
  1951 | D:4      | Reached skill level 5 in Ranged Weapons
  2157 | D:4      | 2157 ||| STAIRDANCE
  2317 | D:4      | 2317 ||| Stepping ~*~*~tactically~*~*~ (outnumbered).
  2394 | D:4      | Reached skill level 3 in Fighting
  2400 | D:4      | HP: 5/32 [orc wizard/magic dart (5)]
  2401 | D:4      | HP: 2/32 [something (2)]
  2402 | D:4      | Slain by an orc wizard

Levels and vault maps discovered:
D:1:      lightli_arrival_boilingwater, layout_rooms, serial_rivers,
          chequers_serial_rivers_micro_a, chequers_serial_rivers_large_b,
          chequers_serial_rivers_small_b, chequers_serial_rivers_room_a
D:2:      layout_loops_ring, serial_shops, nicolae_diamond_shop,
          nicolae_shop_tiny_statue_garden, nicolae_shop_waterfront,
          nicolae_shop_back_alley_shop
D:3:      layout_rooms, minmay_surrounded
D:4:      layout_loops_ring, general_overflow_altar, nicolae_figureground_pulse

Skill      XL: |  1  2  3  4  5 |
---------------+----------------+-----
Ranged Weapons | 3 4 5 |  5.2
Fighting       | 2 3 |  3.0
Armour         | 1 |  1.0
Dodging        | |  1.5
Spellcasting   | |  1.0
Hexes          | |  2.6

Action                     |  1- 3 |  4- 6 || total
---------------------------+-------+-------++-------
   Fire: Sling             |   114 |   155 ||   269
    Use: Scroll            |     2 |     7 ||     9
         Potion            |       |     1 ||     1
 Armour: Robe              |    10 |       ||    10
         Ring mail         |     8 |    61 ||    69
         Skin              |       |     5 ||     5
  Dodge: Dodged            |    33 |    60 ||    93

Table legend:
 A = Non-vault XP
 B = Vault XP
 C = Vault XP percentage of total XP
 D = Non-vault monster count
 E = Vault monster count
 F = Vault count percentage of total count
                 A         B        C        D         E       F
            +---------+---------+-------+---------+---------+-------
      Total |     331 |      19 |   5.4 |      75 |       3 |   3.8
            +---------+---------+-------+---------+---------+-------
        D:1 |      40 |       0 |   0.0 |      24 |       0 |   0.0
        D:2 |      74 |       0 |   0.0 |      20 |       0 |   0.0
        D:3 |      33 |      19 |  36.5 |      15 |       3 |  16.7
        D:4 |     184 |       0 |   0.0 |      16 |       0 |   0.0
            +---------+---------+-------+---------+---------+-------
